 Dungeon Crawl Stone Soup version 0.18.1-50-g88ac8fd (webtiles) character file.

186 Patate the Covert (level 5, -2/25 HPs)
             Began as a Spriggan Assassin on Oct 27, 2016.
             Slain by Robin
             ... wielding a +0 trident
              (7 damage)
             ... on level 3 of the Dungeon.
             The game lasted 00:10:13 (2818 turns).

Patate the Covert (Spriggan Assassin)               Turns: 2818, Time: 00:10:13

Health: -2/25      AC:  5    Str:  7    XL:     5   Next: 38%
Magic:  6/6        EV: 17    Int: 18    God:
Gold:   157        SH:  0    Dex: 18    Spells: 0 memorised, 4 levels left

rFire  . . .     SeeInvis +     a - +2 dagger
rCold  . . .     Gourm    .     c - +0 robe
rNeg   . . .     Faith    .     (shield restricted)
rPois  .         Spirit   .     p - +2 hat
rElec  .         Dismiss  .     d - +0 cloak
rCorr  .         Reflect  .     (gloves unavailable)
SustAt .         Harm     .     (boots unavailable)
MR     .....                    n - amulet of regeneration
Stlth  +++++.....               (no ring)
                                r - +5 ring of intelligence

@: very quick, not resistant to hostile enchantments, quite stealthy
A: unfitting armour, see invisible, herbivore 3, speed 3, slow metabolism 2
a: no special abilities


You were on level 3 of the Dungeon.
You were not hungry.

You visited 1 branch of the dungeon, and saw 3 of its levels.

You collected 157 gold pieces.

Inventory:

Hand Weapons
 a - a +2 dagger (weapon)
 b - a +0 blowgun
Missiles
 e - a poisoned needle
 f - 6 curare-tipped needles
Armour
 c - a +0 robe (worn)
 d - a +0 cloak (worn)
 p - a +2 hat (worn)
Jewellery
 n - an amulet of regeneration (around neck)
 r - a +5 ring of intelligence (left hand)
Scrolls
 j - a scroll of teleportation {unknown}
 o - a scroll of remove curse {unknown}
 s - a scroll of immolation {unknown}
 t - a scroll of blinking {unknown}
 u - 2 scrolls of identify {unknown}
Potions
 i - a potion of brilliance {unknown}
 k - a potion of cure mutation {unknown}
 l - a potion of agility {unknown}
 m - a potion of heal wounds {unknown}
 v - a potion of haste {unknown}
 w - a potion of cancellation {unknown}
Comestibles
 g - 4 bread rations
 h - 2 fruits


   Skills:
 - Level 1.5 Fighting
 + Level 3.9 Short Blades
 - Level 2.0 Throwing
 - Level 1.5 Dodging
 - Level 9.1 Stealth


You had 4 spell levels left.
You didn't know any spells.

Dungeon Overview and Level Annotations

Branches:
Dungeon (3/15)

Altars:
Gozag
Nemelex Xobeh
Pakellas
Trog

Annotations:
D:3 Robin


Innate Abilities, Weirdness & Mutations

You are tiny and cannot use many weapons and most armour.
You have supernaturally acute eyesight.
You are a herbivore.
You cover ground extremely quickly.
You need consume almost no food.


Message History

Robin is heavily wounded.
Robin hits you with a trident.
* * * LOW HITPOINT WARNING * * *
The hobgoblin hits you but does no damage.
Drink which item? (? for menu, Esc to quit)
Okay, then.
You hit Robin but do no damage.
Robin is heavily wounded.
The goblin no longer looks unusually strong.
Robin zaps a wand.
You easily resist.
It is a wand of slowing.
The hobgoblin misses you.
You hit Robin but do no damage.
Robin is heavily wounded.
Robin closely misses you. The hobgoblin misses you.
You hit Robin.
Robin is almost dead.
You hit Robin.
Robin is almost dead.
Robin hits you with a trident!
You die...

#.# ##### #.# ##.#
#.# #..# #.# #.##
#†# #.# #.# #.#
#.# #.#
#g######.########g
#@gggg..(.....)g)g
#################g


You could see Robin, 2 hobgoblins and 2 goblins.

Vanquished Creatures
  9 adders
  An ooze (D:3)
  4 worms
  A dart slug (D:2)
  2 giant geckos (D:2)
  5 orcs (D:3)
  3 giant cockroaches
  11 goblins
  10 hobgoblins
  7 jackals
  7 kobolds
  4 quokkas
  8 bats
  2 giant newts
  4 rats
  A plant (D:2)
79 creatures vanquished.

Vanquished Creatures (others)
  A plant (D:2)
1 creature vanquished.

Grand Total: 80 creatures vanquished

Notes
Turn   | Place    | Note
--------------------------------------------------------------
     0 | D:1      | Patate the Spriggan Assassin began the quest for the Orb.
     0 | D:1      | Reached XP level 1. HP: 10/10 MP: 2/2
   114 | D:1      | Reached skill level 6 in Stealth
   718 | D:2      | Reached XP level 2. HP: 14/14 MP: 3/3
  1059 | D:2      | Reached skill level 7 in Stealth
  1074 | D:2      | Found an opulent altar of Gozag.
  1092 | D:2      | Reached XP level 3. HP: 18/18 MP: 4/4
  1214 | D:2      | Reached skill level 8 in Stealth
  1379 | D:2      | Found a sparkling altar of Nemelex Xobeh.
  1425 | D:2      | Reached XP level 4. HP: 11/22 MP: 5/5
  2025 | D:3      | Noticed Robin
  2162 | D:2      | Reached skill level 9 in Stealth
  2362 | D:3      | Found a bloodstained altar of Trog.
  2504 | D:3      | Reached XP level 5. HP: 25/25 MP: 6/6
  2723 | D:3      | Found an oddly glowing altar of Pakellas.
  2818 | D:3      | Slain by Robin

Skill      XL: |  1  2  3  4 |
---------------+-------------+-----
Stealth        | 6 7 8 9 |  9.1
Short Blades   | 3 |  3.9
Fighting       | |  1.5
Throwing       | |  2.0
Dodging        | |  1.5

Action                   |  1- 3 |  4- 6 || total
-------------------------+-------+-------++-------
Melee: Dagger            |    66 |   333 ||   399
 Fire: Blowgun           |    34 |     9 ||    43
  Use: Scroll            |       |     1 ||     1
 Stab: Sleeping          |    11 |     4 ||    15
       Distracted        |       |     1 ||     1
Armor: Robe              |     7 |    49 ||    56
Dodge: Dodged            |    42 |   181 ||   223
